 Dungeon Crawl Stone Soup version 0.24.0-1-gfbc8707 (webtiles) character file.

Game seed: 8252006290914535942, levelgen mode: deterministic

393 Fang the Skirmisher (level 6, -6/40 HPs)
             Began as a Gargoyle Berserker on Oct 29, 2019.
             Was a Priest of Trog.
             Killed by divine providence
             ... invoked by an orc priest
              (13 damage)
             ... on level 4 of the Dungeon.
             The game lasted 00:02:42 (2217 turns).

Fang the Skirmisher (Gargoyle Berserker)            Turns: 2217, Time: 00:02:43

Health: -6/40      AC: 20    Str: 22    XL:     6   Next: 81%
Magic:  6/6        EV:  7    Int:  8    God:    Trog [***...]
Gold:   127        SH:  0    Dex: 12    Spells: 5/5 levels left

rFire    . . .     SeeInvis .   a - +3 war axe
rCold    . . .     Gourm    .   (no shield)
rNeg     + . .     Faith    .   b - +1 plate armour
rPois    ∞         Spirit   .   (no helmet)
rElec    +         Reflect  .   (no cloak)
rCorr    .         Harm     .   (no gloves)
MR       .....                  (no boots)
Stlth    ..........             k - amulet of regeneration
HPRegen  0.53/turn              g - +3 ring of dexterity
MPRegen  0.10/turn              l - +3 ring of protection

@: berserk cooldown, slowed, very slow
A: negative energy resistance 1, electricity resistance, unbreathing,
petrification resistance, rot immunity, AC +4
a: Berserk, Trog's Hand, Renounce Religion


You were on level 4 of the Dungeon.
You worshipped Trog.
Trog was most pleased with you.
You were hungry.

You visited 1 branch of the dungeon, and saw 4 of its levels.

You collected 127 gold pieces.

Inventory:

Hand Weapons
 a - a +3 war axe (weapon)
Armour
 b - a +1 plate armour (worn)
Jewellery
 g - a +3 ring of dexterity (left hand)
 k - an amulet of regeneration (around neck)
 l - a +3 ring of protection (right hand)
Scrolls
 d - 2 scrolls of enchant weapon {unknown}
 j - 2 scrolls of identify {unknown}
Potions
 e - a potion of degeneration {unknown}
 f - 2 potions of might {unknown}
 h - 2 potions of brilliance {unknown}
 i - a potion of lignification {unknown}
 m - a potion of mutation {unknown}
Comestibles
 c - 10 rations


   Skills:
 + Level 4.9 Fighting
 + Level 4.1 Axes
 + Level 4.2 Armour
 + Level 3.1 Dodging


You had 5 spell levels left.
You didn't know any spells.
Your spell library was empty.

Dungeon Overview and Level Annotations

Branches:
Dungeon (4/15)
 Temple: D:4-7

Altars:
Dithmenos
Elyvilon
Okawaru
Ru
Trog


Innate Abilities, Weirdness & Mutations

You are resistant to torment.
Your stone body is resilient. (AC +4)
You are immune to poison.
You resist negative energy. (rN+)
You are resistant to electric shocks. (rElec)
You can survive without breathing.
You are immune to petrification.
You are immune to rotting.


Message History

Things that are here:
a +0 dagger; a +0 robe; a ration There isn't anything to butcher here.
You enter the shallow water.
Moving in this stuff is going to be slow.
You feel a strong urge to attack something.
You are no longer berserk.
You are exhausted.
You feel yourself slow down.
Things that are here:
a +0 dagger of holy wrath; a +0 robe; an orc corpse The orc priest mumbles some strange prayers to Beogh against you.
Beogh smites you!
* * * LOW HITPOINT WARNING * * *
You slash the plant!
The plant is lightly damaged.
You completely miss the plant.
The orc priest invokes the aid of Beogh against you.
Beogh smites you!
You die...

### #.
###..........########
#. .....######.## #
...## #.# #. #..#
##.##
.###.###.#####...#
.....PP..........#
.P..≈≈..P...##...#
...≈≈≈≈.P.P.######
.P≈≈≈≈≈≈...@#
.≈≈≈≈≈≈≈≈.P.####
.≈≈≈≈o≈≈≈..P.....
.≈≈≈≈≈≈≈)≈P..####
P≈≈≈≈≈≈))≈≈..#
..$≈≈≈≈...♣..#
...≈≈≈.......#
P.P.≈≈.....P.#
...........P.#


You could see an orc priest.

Vanquished Creatures
  An ice beast (D:3)
  A scorpion (D:4)
  An orc priest (D:4)
  2 orc wizards (D:4)
  3 gnolls (D:3)
  7 adders
  3 worms
  A dart slug (D:3)
  3 leopard geckos (D:3)
  3 orcs (D:3)
  11 bats
  3 giant cockroaches
  5 goblins (D:2)
  7 hobgoblins
  8 jackals
  6 kobolds
  A quokka (D:2)
  6 frilled lizards
  6 rats
  A plant (D:4)
79 creatures vanquished.

Notes
Turn   | Place    | Note
-------+----------+-------------------------------------------
     0 | D:1      | Fang the Gargoyle Berserker began the quest for the Orb.
     0 | D:1      | Reached XP level 1. HP: 14/14 MP: 1/1
   203 | D:1      | Reached XP level 2. HP: 19/19 MP: 2/2
   658 | D:2      | Reached XP level 3. HP: 23/23 MP: 3/3
   687 | D:2      | Reached ** piety under Trog
   897 | D:2      | Found a bloodstained altar of Trog.
   897 | D:2      | Found an iron altar of Okawaru.
   950 | D:2      | Reached XP level 4. HP: 29/29 MP: 4/4
  1362 | D:3      | Found a white marble altar of Elyvilon.
  1366 | D:3      | Noticed an ice beast
  1377 | D:3      | Killed an ice beast
  1377 | D:3      | Reached XP level 5. HP: 34/34 MP: 5/5
  1535 | D:3      | Found a sacrificial altar of Ru.
  1557 | D:3      | Found a shadowy altar of Dithmenos.
  1680 | D:3      | Reached XP level 6. HP: 39/39 MP: 6/6
  1682 | D:3      | Reached *** piety under Trog
  2217 | D:4      | Killed from afar by an orc priest

Levels and vault maps discovered:
D:1:      scummos_arrival_simple_fountains, layout_loops_ring
D:2:      layout_basic, nicolae_overflow_hidden_temple
D:3:      layout_loops_ring, lemuel_crystal_altar, elyvilon_altar_5,
          hangedman_ru_absence
D:4:      layout_loops_ring, chequers_big_river, guppyfry_early_lair_pool

Skill      XL: |  1  2  3  4  5  6 |
---------------+-------------------+-----
Axes           | 3 4 |  4.1
Dodging        | 2 3 |  3.1
Armour         | 3 4 |  4.2
Fighting       | 4 |  4.9

Action                   |  1- 3 |  4- 6 || total
-------------------------+-------+-------++-------
Melee: Hand axe          |   130 |    48 ||   178
       War axe           |       |    83 ||    83
Invok: Berserk           |       |     2 ||     2
  Use: Scroll            |     2 |       ||     2
  Eat: Chunk             |       |     6 ||     6
Armor: Animal skin       |     7 |       ||     7
       Plate armour      |   106 |   122 ||   228
Dodge: Dodged            |    80 |    45 ||   125
